 Dungeon Crawl Stone Soup version 0.25.1-8-g42b30a86e7 (webtiles) character file.

Game seed: 5880154624130237463

655 hawla the Conjurer (level 7, -3/51 HPs)
             Began as a Gnoll Conjurer on Dec 18, 2020.
             Was an Initiate of Gozag.
             Slain by a troll (14 damage)
             ... on level 5 of the Dungeon.
             The game lasted 00:11:42 (4923 turns).

hawla the Conjurer (Gnoll Conjurer)                 Turns: 4923, Time: 00:11:43

Health: -3/51      AC:  3    Str: 12    XL:     7   Next: 54%
Magic:  1/15       EV: 17    Int: 20    God:    Gozag
Gold:   182        SH:  0    Dex: 17    Spells: 10/17 levels left

rFire    . . .     SeeInvis .   v - +0 hand axe (curse)
rCold    . . .     Gourm    .   (no shield)
rNeg     . . .     Faith    .   a - +1 robe
rPois    .         Spirit   .   (no helmet)
rElec    .         Reflect  .   (no cloak)
rCorr    .         Harm     .   (no gloves)
MR       .....                  (no boots)
Stlth    +++.......             (no amulet)
HPRegen  0.17/turn              (no ring)
MPRegen  0.14/turn              (no ring)

@: lethally poisoned (-3 -> -5), gold aura, hasted, very quick
A: distributed training, fangs 1, repulsion field 1, agile 1, strong 1, strong
nose
a: Potion Petition, Call Merchant, Bribe Branch, Renounce Religion


You were on level 5 of the Dungeon.
You worshipped Gozag.
Gozag was aware of your devotion.
You were full.

You visited 2 branches of the dungeon, and saw 6 of its levels.
You also visited: Sewer.

You collected 216 gold pieces.
You paid 34 gold pieces to Gozag.

Inventory:

Hand Weapons
 h - a +2 vorpal spear
 i - a +0 quarterstaff
 v - a cursed +0 hand axe (weapon)
Armour
 a - a +1 robe (worn)
Jewellery
 f - an uncursed ring of ice
 m - an uncursed amulet of guardian spirit
Wands
 t - a wand of enslavement (9)
Scrolls
 b - 4 scrolls of identify
 d - a scroll of remove curse
 e - 4 scrolls of fear
 l - 3 scrolls of fog
 r - 2 scrolls of magic mapping
Potions
 j - a potion of cancellation
 o - 2 potions of heal wounds {unknown}
 p - a potion of lignification {unknown}
 q - 2 potions of might {unknown}
 s - a potion of stabbing {unknown}
 u - a potion of resistance {unknown}
Comestibles
 c - 7 rations


   Skills:
 + Level 2.5 Fighting
 + Level 2.5 Short Blades
 + Level 2.5 Long Blades
 + Level 2.5 Axes
 + Level 2.5 Maces & Flails
 + Level 2.5 Polearms
 + Level 2.5 Staves
 + Level 2.5 Slings
 + Level 2.5 Bows
 + Level 2.5 Crossbows
 + Level 2.5 Throwing
 + Level 2.5 Armour
 + Level 5.2 Dodging
 + Level 4.9 Stealth
 + Level 2.5 Shields
 + Level 2.5 Unarmed Combat
 + Level 5.6 Spellcasting
 + Level 7.4 Conjurations
 + Level 2.0 Hexes
 + Level 2.0 Charms
 + Level 2.0 Summonings
 + Level 2.0 Necromancy
 + Level 2.0 Translocations
 + Level 2.0 Transmutations
 + Level 2.0 Fire Magic
 + Level 2.0 Ice Magic
 + Level 2.0 Air Magic
 + Level 2.0 Earth Magic
 + Level 2.0 Poison Magic
 + Level 2.8 Invocations
 + Level 2.5 Evocations


You had 10 spell levels left.
You knew the following spells:

 Your Spells              Type           Power        Failure   Level  Hunger
a - Magic Dart            Conj           ####         1%          1    None
b - Searing Ray           Conj           #####.       1%          2    None
c - Iskenderun's Mystic   Conj/Tloc      ###.....     16%         4    ####...

Your spell library contained the following spells:

 Spells                   Type           Power        Failure   Level  Hunger
 Beastly Appendage        Tmut           ##....       4%          1    None
 Dazzling Flash           Conj/Hex       ###...       4%          3    ##.....
 Sticks to Snakes         Tmut           ##......     7%          2    None
 Spider Form              Tmut/Pois      ##........   14%         3    ##.....
 Fulminant Prism          Conj/Hex       ###.......   16%         4    ####...
 Ice Form                 Ice/Tmut       ##......     43%         4    ####...
 Blade Hands              Tmut           ##........   78%         5    #####..


Dungeon Overview and Level Annotations

Branches:
Dungeon (5/15)             Temple (1/1) D:4           Sewer (visited)

Altars:
Ashenzari
Dithmenos
Elyvilon
Fedhas
Gozag
Hepliaklqana
Kikubaaqudgha
Makhleb
Nemelex Xobeh
Okawaru
Qazlal
Ru
Sif Muna
Trog
Uskayaw
Vehumet
Wu Jian
Xom
Yredelemnul
Zin
The Shining One


Innate Abilities, Weirdness & Mutations

Your experience applies equally to all skills.
You have very sharp teeth.
Your uncanny sense of smell can sniff out nearby items.
You are surrounded by a mild repulsion field. (EV +2)
You are agile. (Dex +2)
Your muscles are strong. (Str +2)


Message History

The spell is quite dangerous to cast (16% risk of failure)!
Continue anyway?
You erupt in a blast of force!
The mystic blast hits the troll.
The troll is almost dead.
The troll is knocked back by the mystic blast.
The mystic blast hits the adder.
The adder is almost dead.
The adder is knocked back by the mystic blast.
You feel sick.
You feel sick.
You hit the adder.
You kill the adder!
You hit the troll but do no damage.
The troll is severely wounded.
You feel sick. The troll misses you. The troll claws you!
* * * LOW HITPOINT WARNING * * *
The troll completely misses you.
It was a potion of haste.
You feel yourself speed up.
You feel sick. The troll bites you!
You die...
Your body crumbles into a pile of gold.

,*,######.##.....#.O.....,,* *,,
,*,#......##.###.##......,,****,,
,*,#.#.#...#+###.##......,,*,,,,,
,,,......................,,,,,,,,
,*,#####.##......##*.##..,,,,,,,*
,*,,,,...*#...#..# *∆#*,.,,,,,,,*
,*,,,.#####...#..# *,**,,,,,,,,,*
,*,..,#..........# *,,*,,,,,,****
,*,.,,#.###.....@####.###***,*
,*<*,,*,* #######T.....%# *,*
,***,**,*** #.####..# *,*
,,,*,,,,,,* #.#***,,* *,*
**,*,,*,,,* **#$.,,,*,** *,*
*,,,,*********,#..,,,*,,* *,*
****,,,,,,,,,,,#...,,*,,***,*
*,,,,,********,#...,,*,,,**,*
*,,,,,* *,#.###**,*,**,*


You could see a troll.

Vanquished Creatures
  An ogre (D:4)
  A phantom (D:4)
  A crimson imp (D:4)
  A centaur zombie (D:5)
  2 orc priests
  A jelly (D:4)
  2 orc wizards
  A worker ant (D:5)
  A hound zombie (D:5)
  A howler monkey zombie (D:5)
  9 adders
  3 river rats (Sewer)
  A worm (D:3)
  2 dart slugs
  2 leopard geckos
  16 orcs
  2 bats
  7 giant cockroaches
  7 goblins
  9 hobgoblins
  2 quokkas
  6 ball pythons
  8 frilled lizards
  9 kobolds
  21 rats
116 creatures vanquished.

Notes
Turn   | Place    | Note
-------+----------+-------------------------------------------
     0 | D:1      | hawla the Gnoll Conjurer began the quest for the Orb.
     0 | D:1      | Reached XP level 1. HP: 13/13 MP: 6/6
   219 | D:1      | Reached XP level 2. HP: 19/19 MP: 5/7
   402 | D:1      | Learned a level 2 spell: Searing Ray
   831 | D:1      | Reached XP level 3. HP: 25/25 MP: 7/9
   950 | D:2      | Gained mutation: You are surrounded by a mild repulsion
                  | field. (EV +2) [potion of mutation]
   950 | D:2      | Gained mutation: You are agile. (Dex +2) [potion of
                  | mutation]
   950 | D:2      | Gained mutation: Your muscles are strong. (Str +2) [potion
                  | of mutation]
  1038 | D:2      | Reached skill level 5 in Spellcasting
  1203 | D:2      | Reached skill level 1 in Invocations
  1581 | D:2      | Reached skill level 1 in Fighting
  1581 | D:2      | Reached skill level 1 in Short Blades
  1581 | D:2      | Reached skill level 1 in Long Blades
  1581 | D:2      | Reached skill level 1 in Axes
  1581 | D:2      | Reached skill level 1 in Maces & Flails
  1581 | D:2      | Reached skill level 1 in Polearms
  1581 | D:2      | Reached skill level 1 in Staves
  1581 | D:2      | Reached skill level 1 in Slings
  1581 | D:2      | Reached skill level 1 in Bows
  1581 | D:2      | Reached skill level 1 in Crossbows
  1581 | D:2      | Reached skill level 1 in Throwing
  1581 | D:2      | Reached skill level 1 in Armour
  1581 | D:2      | Reached skill level 1 in Shields
  1581 | D:2      | Reached skill level 1 in Unarmed Combat
  1581 | D:2      | Reached skill level 1 in Evocations
  1658 | D:2      | Reached XP level 4. HP: 32/32 MP: 8/11
  1664 | D:2      | Learned a level 4 spell: Iskenderun's Mystic Blast
  2002 | D:3      | Reached skill level 1 in Hexes
  2002 | D:3      | Reached skill level 1 in Charms
  2002 | D:3      | Reached skill level 1 in Summonings
  2002 | D:3      | Reached skill level 1 in Necromancy
  2002 | D:3      | Reached skill level 1 in Translocations
  2002 | D:3      | Reached skill level 1 in Transmutations
  2002 | D:3      | Reached skill level 1 in Fire Magic
  2002 | D:3      | Reached skill level 1 in Ice Magic
  2002 | D:3      | Reached skill level 1 in Air Magic
  2002 | D:3      | Reached skill level 1 in Earth Magic
  2002 | D:3      | Reached skill level 1 in Poison Magic
  2144 | D:3      | Reached XP level 5. HP: 37/37 MP: 9/12
  3096 | D:4      | Found a glowing drain.
  3146 | Sewer    | Entered a sewer
  3216 | Sewer    | Reached XP level 6. HP: 44/44 MP: 10/13
  3939 | D:4      | Found a staircase to the Ecumenical Temple.
  3943 | Temple   | Entered the Ecumenical Temple
  4032 | Temple   | Became a worshipper of Gozag Ym Sagoz the Greedy
  4248 | D:5      | Entered Level 5 of the Dungeon
  4256 | D:5      | Noticed a phantom
  4275 | D:5      | Reached skill level 5 in Dodging
  4374 | D:4      | Reached XP level 7. HP: 31/50 MP: 3/15
  4911 | D:5      | Noticed a troll
  4923 | D:5      | Slain by a troll

Illustrated notes

Levels and vault maps discovered:
D:1:      minmay_arrival_loop, layout_basic
D:2:      layout_basic, minmay_misc_feat_nine_boxes, minmay_indecisive_spiral
D:3:      layout_loops_cross, first_ration
D:4:      layout_rooms, temple_hall_moat, gup_sewer_entry_glass,
          serial_park_tiny_1
D:5:      layout_basic, grunt_decor_fettered
Temple:   dpeg_three_leaves_temple

Skill      XL: |  1  2  3  4  5  6  7 |
---------------+----------------------+-----
Spellcasting   | 5 |  5.6
Invocations    | 1 2 |  2.8
Fighting       | 1 2 |  2.5
Short Blades   | 1 2 |  2.5
Long Blades    | 1 2 |  2.5
Axes           | 1 2 |  2.5
Maces & Flails | 1 2 |  2.5
Polearms       | 1 2 |  2.5
Staves         | 1 2 |  2.5
Slings         | 1 2 |  2.5
Bows           | 1 2 |  2.5
Crossbows      | 1 2 |  2.5
Throwing       | 1 2 |  2.5
Armour         | 1 2 |  2.5
Shields        | 1 2 |  2.5
Unarmed Combat | 1 2 |  2.5
Evocations     | 1 2 |  2.5
Hexes          | 1 2 |  2.0
Charms         | 1 2 |  2.0
Summonings     | 1 2 |  2.0
Necromancy     | 1 2 |  2.0
Translocations | 1 2 |  2.0
Transmutations | 1 2 |  2.0
Fire Magic     | 1 2 |  2.0
Ice Magic      | 1 2 |  2.0
Air Magic      | 1 2 |  2.0
Earth Magic    | 1 2 |  2.0
Poison Magic   | 1 2 |  2.0
Dodging        | 5 |  5.2
Stealth        | |  4.9
Conjurations   | |  7.4

Action                   |  1- 3 |  4- 6 |  7- 9 || total
-------------------------+-------+-------+-------++-------
Melee: Spear             |     8 |       |       ||     8
       Quarterstaff      |       |     2 |       ||     2
       Hand axe          |       |     6 |    23 ||    29
       Bite              |       |     1 |     3 ||     4
       Punch             |       |       |     2 ||     2
 Cast: Magic Dart        |    46 |    46 |     2 ||    94
       Searing Ray       |     4 |    25 |     6 ||    35
       Iskenderun's Myst |       |     3 |     4 ||     7
  Use: Scroll            |     6 |     3 |       ||     9
       Potion            |     1 |       |     2 ||     3
 Stab: Sleeping          |     1 |     1 |       ||     2
  Eat: Chunk             |     2 |     6 |       ||     8
       Ration            |       |     1 |     2 ||     3
Armor: Robe              |       |     1 |     3 ||     4
Dodge: Dodged            |    13 |    17 |    31 ||    61
